 Dungeon Crawl Stone Soup version 0.29-a0-1027-gcd8c55af63 (webtiles) character file.

Game seed: 10779285348325356878

1 Manisian the Sneak (level 1, -3/9 HPs)
             Began as a Spriggan Enchanter on Aug 13, 2022.
             Killed from afar by a dart slug (6 damage)
             ... with a slug dart
             ... on level 1 of the Dungeon.
             The game lasted 00:00:25 (78 turns).

Manisian the Sneak (Spriggan Enchanter)               Turns: 78, Time: 00:00:25

Health: -3/9       AC:  2    Str:  4    XL:     1   Next: 16%
Magic:  5/5        EV: 17    Int: 16    God:
Gold:   0          SH:  0    Dex: 15    Spells: 5/5 levels left

rFire   . . .      SeeInvis +   a - +1 dagger
rCold   . . .      Faith    .   (no shield)
rNeg    . . .      Spirit   .   b - +0 robe
rPois   .          Reflect  .   (helmet restricted)
rElec   .          Harm     .   (no cloak)
rCorr   .          Rampage  .   (gloves unavailable)
Will    .....                   (boots unavailable)
Stlth   +++.......              (no amulet)
HPRegen 0.03/turn               (no ring)
MPRegen 0.09/turn               (no ring)

@: very quick
A: very small, no large weapons, unfitting armour, see invisible, speed 3
a: no special abilities


You were on level 1 of the Dungeon.
You visited 1 branch of the dungeon, and saw 1 of its levels.

Inventory:

Hand Weapons
 a - a +1 dagger (weapon)
Missiles
 f - 4 stones (quivered)
Armour
 b - a +0 robe (worn)
Scrolls
 g - a scroll of identify {unknown}
Potions
 c - 2 potions of invisibility
 d - a potion of haste {unknown}
 e - a potion of degeneration {unknown}


   Skills:
 + Level 1.1 Short Blades
 + Level 2.6 Dodging
 + Level 4.6 Stealth
 + Level 2.6 Spellcasting
 + Level 3.6 Hexes


You had 5 spell levels left.
You didn't know any spells.
Your spell library contained the following spells:

 Spells                   Type           Power      Damage    Failure   Level
 Confusing Touch          Hex            13%        N/A       13%         3
 Tukima's Dance           Hex            13%        N/A       13%         3
 Ensorcelled Hibernation  Hex/Ice        14%        N/A       14%         2
 Dazzling Flash           Conj/Hex       14%        N/A       28%         3
 Iskenderun's Mystic Bla  Conj/Tloc      2%         2d3       88%         4
 Starburst                Conj/Fire      1%         6d3       100%        6


Dungeon Overview and Level Annotations

Branches:
Dungeon (1/15)

Altars:


Innate Abilities, Weirdness & Mutations

You are very small and have problems with some larger weapons.
You are too small for most types of armour.
You have supernaturally acute eyesight. (SInv)
You cover ground extremely quickly. (Speed+++)


Message History

e - a bubbling emerald potion You pick up a book of Spectacle and begin reading...
You add the spells Iskenderun's Mystic Blast and Starburst to your library.
Found 5 stones.
You see here 5 stones.
f - 5 stones
Found a scroll labelled HOLEGG GAGH.
Found a stone staircase leading down.
g - a scroll labelled HOLEGG GAGH A goblin comes into view.
It is wielding a +0 club.
Throw: 5 stones
Press: ? - help, Q - select action Shift-Dir - straight line, f - goblin
Aim: a goblin, wielding a +0 club (asleep, 98% to hit)
You throw a stone. The stone hits the goblin.
The goblin shouts!
The goblin is moderately wounded.
You barely miss the goblin.
The goblin is moderately wounded.
The goblin misses you.
You barely miss the goblin.
The goblin is moderately wounded.
The goblin barely misses you.
You hit the goblin.
You kill the goblin!
You see here a +0 club.
Found a murky ruby potion.
A giant cockroach comes into view.
You see here a murky ruby potion.
A dart slug comes into view.
Found 5 poisoned darts.
The dart slug launches a dart at you. The slug dart hits you.
Ouch! That really hurt!
The helpless giant cockroach fails to defend itself.
You impale the giant cockroach!!
You kill the giant cockroach!
The dart slug launches a dart at you. The slug dart hits you.
Ouch! That really hurt!
You die...

##...######...###
#########.......##
#....#...........# # ###
.##...##....♣....#.#...
..##.###.........#.#.###
.......##.......##.(....
##..#...###...###.......
######.# #######.......
#.# #!..@....... #)#
###.###...#w..
##.###.#.## ..##
#.....#...# ...#
#....##.##.# .##.#
#.....#### .# .# .#
#.....# .# .# # #.....#
.# .# ##>...# .#


You could see a dart slug.

Vanquished Creatures
  A giant cockroach (D:1)
  A goblin (D:1)
2 creatures vanquished.

Notes
Turn   | Place    | Note
-------+----------+-------------------------------------------
     0 | D:1      | Manisian the Spriggan Enchanter began the quest for the
                  | Orb.
     0 | D:1      | Reached XP level 1. HP: 9/9 MP: 5/5
    78 | D:1      | Killed from afar by a dart slug

Illustrated notes

Levels and vault maps discovered:
D:1:      dpeg_arrival_three_same_balls, layout_loops_ring,
          ebering_ecumenical_altar_petrified

Action                   || total
-------------------------++-------
Melee: Dagger            ||     4
Throw: Stone             ||     1
 Stab: Sleeping          ||     1
Dodge: Dodged            ||     2

Table legend: (Time is in decaauts)
 A = Elapsed time spent in this place.
 B = Non-inter-level travel time spent in this place.
 C = Inter-level travel time spent in this place.
 D = Time resting spent in this place.
 E = Time spent auto-exploring this place.
 F = Levels seen in this place.
 G = Mean time per level.
                   A        B        C        D        E       F      G
               +--------+--------+--------+--------+--------+-----+--------+
         Total |     52 |     52 |      0 |      0 |      0 |   1 |   52.0 |
       Dungeon |     52 |     52 |      0 |      0 |      0 |   1 |   52.0 |
               +--------+--------+--------+--------+--------+-----+--------+

Top non-repeatable levels by time:
     D:1: 52 daAuts
